 Dungeon Crawl Stone Soup version 0.27.1-33-g824d729ab1 (webtiles) character file.

Game seed: 2919137578269412339

288 pkoi the Insei (level 6, -4/45 HPs)
             Began as a Draconian Enchanter on Dec 13, 2021.
             Was an Initiate of Okawaru.
             Slain by a mummy (15 damage)
             ... in an ossuary.
             The game lasted 00:06:43 (5631 turns).

pkoi the Insei (Draconian Enchanter)                Turns: 5631, Time: 00:06:43

Health: -4/45      AC: 12    Str: 11    XL:     6   Next: 9%
Magic:  4/9        EV: 12    Int: 17    God:    Okawaru [......]
Gold:   139        SH:  4    Dex:  9    Spells: 3/9 levels left

rFire    . . .     SeeInvis .     - Unarmed
rCold    + . .     Faith    .   (no shield)
rNeg     . . .     Spirit   .   (armour unavailable)
rPois    .         Reflect  .   (helmet restricted)
rElec    .         Harm     .   (no cloak)
rCorr    .         Rampage  .   i - +2 pair of gloves
Will     +....                  g - +2 pair of boots
Stlth    ++........             (no amulet)
HPRegen  0.15/turn              e - ring of willpower
MPRegen  0.11/turn              (no ring)

@: no status effects
A: AC +6, unfitting armour, cold-blooded, large bone plates 1, clumsy 1, cold
resistance 1
a: Renounce Religion


You were in an ossuary.
You worshipped Okawaru.
Okawaru was noncommittal.
You visited 2 branches of the dungeon, and saw 5 of its levels.
You also visited: Ossuary.

You collected 139 gold pieces.

Inventory:

Hand Weapons
 a - a +1 dagger
Missiles
 b - 12 poisoned darts
Armour
 g - a +2 pair of boots (worn)
 i - a +2 pair of gloves (worn)
Jewellery
 e - a ring of willpower (left hand)
Scrolls
 f - a scroll of teleportation


   Skills:
 - Level 1.0 Short Blades
 - Level 1.7 Dodging
 - Level 2.6 Stealth
 * Level 5.0 Unarmed Combat
 - Level 2.0 Spellcasting
 + Level 3.7 Hexes
 + Level 1.3 Invocations


You had 3 spell levels left.
You knew the following spells:

 Your Spells              Type           Power      Damage    Failure   Level
a - Corona                Hex            15%        N/A       4%          1
b - Confusing Touch       Hex            14%        N/A       12%         3
c - Ensorcelled Hibernat  Hex/Ice        16%        N/A       14%         2

Your spell library contained the following spells:

 Spells                   Type           Power      Damage    Failure   Level
 Tukima's Dance           Hex            14%        N/A       12%         3
 Summon Small Mammal      Summ           4%         N/A       19%         1
 Dazzling Flash           Conj/Hex       16%        N/A       26%         3
 Summon Guardian Golem    Hex/Summ       8%         N/A       26%         3
 Call Canine Familiar     Summ           1%         N/A       50%         3
 Conjure Flame            Conj/Fire      1%         6-21      50%         3
 Ignite Poison            Fire/Tmut/Pois 1%         N/A       50%         3
 Sticky Flame             Conj/Fire      1%         2d3       88%         4


Dungeon Overview and Level Annotations

Branches:
Dungeon (4/15)             Temple (1/1) D:4         Ossuary (1/1)

Altars:
Ashenzari
Cheibriados
Dithmenos
Elyvilon
Fedhas
Gozag
Hepliaklqana
Makhleb
Nemelex Xobeh
Okawaru
Qazlal
Ru
Sif Muna
Trog
Uskayaw
Vehumet
Wu Jian
Xom
Yredelemnul
Zin
The Shining One

Annotations:
Ossuary Menkaure


Innate Abilities, Weirdness & Mutations

Your plain brown scales are hard. (AC +6)
You cannot fit into any form of body armour.
You are cold-blooded and may be slowed by cold attacks.
You are partially covered in large bone plates. (SH +4)
You are clumsy. (Dex -2)
Your flesh is cold resistant. (rC+)


Message History

Unknown command.
Casting: Confusing Touch (dangerous; 12% risk of failure)
Confirm with . or Enter, or press ? or * to list all spells.
Your hands begin to glow red.
You hit the mummy but do no damage.
The mummy appears confused.
You completely miss the mummy. You hit Menkaure. Your punch misses Menkaure.
Menkaure is lightly damaged.
Menkaure hits you!
* * * LOW HITPOINT WARNING * * *
You punch Menkaure!
Menkaure is heavily damaged.
You aren't carrying any items that you can evoke.
You aren't carrying any potions.
Unknown command.
Unknown command.
Casting: Confusing Touch (dangerous; 12% risk of failure)
Confirm with . or Enter, or press ? or * to list all spells.
Your hands begin to glow red.
Menkaure hits you.
* * * LOW HITPOINT WARNING * * *
The mummy closely misses Menkaure.
Unknown command.
You hit Menkaure but do no damage.
Menkaure appears confused.
Menkaure is heavily damaged.
Menkaure hits the mummy!
You hit Menkaure.
Menkaure is heavily damaged.
You barely miss Menkaure.
Menkaure is heavily damaged.
Menkaure closely misses the mummy.
The mummy barely misses Menkaure.
You hit Menkaure but do no damage.
Menkaure is heavily damaged.
Menkaure hits something!
You block the mummy's attack.
You hit Menkaure but do no damage.
Menkaure is heavily damaged.
You catch the helpless Menkaure completely off-guard!
You hit Menkaure but do no damage.
Menkaure is heavily damaged.
Menkaure closely misses the mummy.
The mummy hits you!
You die...

#..M......#
#..M......# ####'#
#..# #....# #..+
#....# #..### #....#
#..#.# #...M# #..#.###
####M# #..#...# #.@M#
#..###'###+###'###+###
#.....................
#∩....................
######################


You could see Menkaure (confused) and 2 mummies.

Vanquished Creatures
  A necrophage (D:4)
  A water moccasin skeleton (D:2)
  A mummy (Ossuary)
  3 gnolls
  2 adders (D:2)
  An adder zombie (Ossuary)
  4 worms
  2 dart slugs (D:1)
  6 orcs
  5 bats
  7 endoplasms
  2 giant cockroaches (D:1)
  4 goblins
  6 hobgoblins
  3 jackals (D:2)
  3 kobolds
  3 quokkas
  2 ball pythons
  A frilled lizard (D:1)
  A hobgoblin zombie (Ossuary)
  A kobold zombie (Ossuary)
  10 rats
69 creatures vanquished.

Vanquished Creatures (others)
  A fungus (D:1)
1 creature vanquished.

Grand Total: 70 creatures vanquished

Notes
Turn   | Place    | Note
-------+----------+-------------------------------------------
     0 | D:1      | pkoi the Draconian Enchanter began the quest for the Orb.
     0 | D:1      | Reached XP level 1. HP: 14/14 MP: 3/3
   264 | D:1      | Reached skill level 1 in Unarmed Combat
   318 | D:1      | Reached XP level 2. HP: 15/20 MP: 5/5
   331 | D:1      | Reached skill level 2 in Unarmed Combat
   766 | D:1      | Found a faded altar of an unknown god.
  1507 | D:2      | Reached XP level 3. HP: 16/26 MP: 6/6
  1785 | D:2      | Learned a level 3 spell: Confusing Touch
  1870 | D:1      | Reached skill level 3 in Unarmed Combat
  2042 | D:1      | Learned a level 2 spell: Ensorcelled Hibernation
  2885 | D:2      | Reached XP level 4. HP: 29/33 MP: 7/7
  3452 | D:2      | Reached skill level 4 in Unarmed Combat
  3452 | D:2      | Reached XP level 5. HP: 19/38 MP: 8/8
  5104 | D:4      | Found a staircase to the Ecumenical Temple.
  5113 | Temple   | Entered the Ecumenical Temple
  5236 | Temple   | Became a worshipper of Warmaster Okawaru
  5254 | D:4      | Noticed a necrophage
  5323 | D:4      | Gained mutation: You are clumsy. (Dex -2) [potion of
                  | mutation]
  5323 | D:4      | Gained mutation: You are partially covered in large bone
                  | plates. (SH +4) [potion of mutation]
  5323 | D:4      | Gained mutation: Your flesh is cold resistant. (rC+)
                  | [potion of mutation]
  5347 | D:4      | Killed a necrophage
  5348 | D:4      | Reached skill level 1 in Invocations
  5348 | D:4      | Reached XP level 6. HP: 21/45 MP: 9/9
  5514 | D:4      | Found a sand-covered staircase.
  5524 | Ossuary  | Entered an ossuary
  5543 | Ossuary  | Reached skill level 5 in Unarmed Combat
  5603 | Ossuary  | Noticed Menkaure
  5631 | Ossuary  | Slain by a mummy

Illustrated notes

Levels and vault maps discovered:
D:1:      tarquinn_simple_flora_water_c, layout_loops_ring,
          shapermc_ecumenical_altar_mp_urbaneastern
D:2:      minmay_evil_eye, layout_basic, roderic_cross_of_infinity,
          chequers_serial_rivers_micro_d, minmay_tripent
D:3:      layout_loops_ring, minivault_26, moated_statue
D:4:      layout_loops_cross, minmay_temple_entry_ruins,
          nicolae_ossuary_entry_monument, corexii_leaking_fountain, uniq_duvessa
Temple:   dpeg_three_leaves_temple
Ossuary:  ossuary_boxes_badplayer

Skill      XL: |  1  2  3  4  5  6 |
---------------+-------------------+-----
Unarmed Combat | 1 2 3 4 5 |  5.0
Hexes          | 3 |  3.7
Invocations    | 1 |  1.3
Short Blades   | |  1.0
Dodging        | |  1.7
Stealth        | |  2.6
Spellcasting   | |  2.0

Action                   |  1- 3 |  4- 6 || total
-------------------------+-------+-------++-------
Melee: Dagger            |   144 |   224 ||   368
       Tailslap          |    18 |    23 ||    41
       Punch             |     3 |     3 ||     6
       Unarmed           |       |    32 ||    32
 Cast: Confusing Touch   |       |     2 ||     2
  Use: Potion            |       |     4 ||     4
       Scroll            |       |     2 ||     2
 Stab: Sleeping          |     6 |     2 ||     8
       Distracted        |     1 |       ||     1
       Confused          |       |     1 ||     1
Armor: Skin              |    30 |    89 ||   119
Dodge: Dodged            |    69 |   166 ||   235
Block: Other             |       |     3 ||     3
